 Dungeon Sprint DCSS version 0.31-a0-848-gaac375c287 (webtiles) character file.

Game seed: 2226647867540888938

13927 sircluck the Brawler (level 11, -1/132 HPs)
             Began as a Troll Berserker on Oct 4, 2023.
             Was a High Priest of Trog.
             Slain by an anaconda (15 damage)
             ... in the Dungeon (Sprint III: "The Ten Rune Challenge").
             The game lasted 00:03:51 (1224 turns).

sircluck the Brawler (Troll Berserker)              Turns: 1224, Time: 00:03:52

Health: -1/132     AC:  3    Str: 30    XL:     11   Next: 82%
Magic:  10/10      EV: 13    Int:  2    God:    Trog [*****.]
Gold:   42         SH:  0    Dex: 13    Spells: 10/10 levels left

rFire   . .          .
                       - Unarmed
rCold   + . .        (no shield)
rNeg    . . .        a - +0 animal skin
rPois   .            (helmet restricted)
rElec   .            (no cloak)
rCorr   .            (gloves unavailable)
SInv    .            (boots unavailable)
Will    .....        (no amulet)
Stlth   +            (no ring)
HPRegen 1.22/turn    (no ring)
MPRegen 0.12/turn

%: no teleportation
@: on berserk cooldown, slowed, constricted, very slow
A: large, unfitting armour, claws 3, regeneration 1, shaggy fur 1, tough skin 1,
agile 1, cold resistance 1, deformed body, MP-powered wands
a: Renounce Religion, Berserk, Trog's Hand, Brothers in Arms


You were in the Dungeon.
You worshipped Trog.
Trog was extremely pleased with you.
You visited 1 branch You collected 42 gold pieces.

Inventory:

Armour
 a - a +0 animal skin (worn)
Wands
 i - a wand of charming (9)
Scrolls
 g - a scroll of blinking
 j - a scroll of poison {unknown}
 k - a scroll of enchant weapon {unknown}
 m - a scroll of immolation {unknown}
 n - a scroll of identify {unknown}
Potions
 b - 2 potions of curing
 c - a potion of heal wounds
 d - a potion of haste
 e - 3 potions of magic
 f - a potion of berserk rage
 h - a potion of attraction {unknown}
 l - 3 potions of enlightenment
 p - 2 potions of resistance {unknown}
 q - a potion of cancellation {unknown}
Miscellaneous
 o - a phantom mirror


   Skills:
 + Level 15.1 Fighting
 + Level 14.9 Dodging
 + Level 17.5 Unarmed Combat


You had 10 spell levels left.
You didn't know any spells.
Your spell library was empty.

Dungeon Overview and Level Annotations

Branches:
Dungeon (1/1)

Altars:
Cheibriados
Dithmenos
Elyvilon
Fedhas
Gozag
Hepliaklqana
Kikubaaqudgha
Makhleb
Nemelex Xobeh
Okawaru
Qazlal
Ru
Sif Muna
Trog
Uskayaw
Vehumet
Wu Jian
Xom
Yredelemnul
Zin
The Shining One
Jiyva
Lugonu

Annotations:
D exclusion: 2 doors


Innate Abilities, Weirdness & Mutations

You are too large for most types of armour.
You have claws for hands.
Your natural rate of healing is unusually fast.
You are covered in fur. (AC +1)
You have tough skin. (AC +1)
You are agile. (Dex +4, Str/Int -1)
Your flesh is cold resistant. (rC+)
Armour fits poorly on your strangely shaped body.
You expend magic power (3 MP) to strengthen your wands.


Message History

You barely miss the anaconda.
The anaconda is moderately wounded.
The anaconda grabs you. The anaconda bites you! The anaconda constricts you.
The water moccasin closely misses you.
You mangle the anaconda!!
The anaconda is severely wounded.
You are no longer berserk.
You are exhausted.
You feel yourself slow down. The anaconda bites you!
The anaconda constricts you.
You closely miss the anaconda.
The anaconda is severely wounded.
The anaconda loses its grip on you.
You closely miss the anaconda.
The anaconda is severely wounded.
The anaconda misses you. The anaconda bites you! The anaconda grabs you.
The anaconda bites you! The anaconda constricts you.
The anaconda completely misses you. The water moccasin bites you.
The anaconda bites you!! The anaconda constricts you.
Unknown command.
Unknown command.
You claw the anaconda!
The anaconda is almost dead.
The anaconda bites you! The anaconda bites you. The anaconda constricts you.
The water moccasin barely misses you. The anaconda bites you!
* * * LOW HITPOINT WARNING * * *
The anaconda bites you.
* * * LOW HITPOINT WARNING * * *
The anaconda constricts you.
* * * LOW HITPOINT WARNING * * *
The water moccasin bites you but does no damage.
You scratch the anaconda.
The anaconda is almost dead.
The anaconda barely misses you. The anaconda bites you!
* * * LOW HITPOINT WARNING * * *
The anaconda constricts you.
* * * LOW HITPOINT WARNING * * *
The water moccasin bites you but does no damage.
The anaconda bites you!
You die...

##'####+#######♣
...............♣♣
#+#############†♣
JJJ#~...†....†..♣
..J+~~†..########♣♣
.JJ#~~~...........♣
..J#~~~~..........♣
+#############'#########
#..@SS..... #..SS......
###########


You could see 2 anacondas, a water moccasin and an adder.

Vanquished Creatures
  Rupert (D)
  Erolcha (D)
  An anaconda (D)
  4 death yaks (D)
  A deep elf pyromancer (D)
  2 black mambas (D)
  2 cane toads (D)
  A rime drake (D)
  A komodo dragon (D)
  3 wandering mushrooms (D)
  8 blink frogs (D)
  A shadow (D)
  2 redbacks (D)
  A spatial vortex (D)
  A swamp drake (D)
  5 two-headed ogres (D)
  A necrophage (D)
  A water elemental (D)
  A jelly (D)
  Jessica (D)
  A wizard (D)
  A necromancer (D)
  3 humans (D)
  A kobold demonologist (D)
  A wolf (D)
  3 rats (D)
49 creatures vanquished.

Vanquished Creatures (collateral kills)
  Gastronok (D)
  2 dire elephants (D)
  2 elephants (D)
5 creatures vanquished.

Grand Total: 54 creatures vanquished

Notes
Turn   | Place    | Note
-------+----------+-------------------------------------------
     0 | D        | sircluck the Troll Berserker began the quest for the Orb.
     0 | D        | Reached XP level 1. HP: 22/22 MP: 0/0
    11 | D        | Noticed Jessica
    18 | D        | Killed Jessica
    18 | D        | Reached ** piety under Trog
    19 | D        | Reached skill level 4 in Unarmed Combat
    19 | D        | Reached XP level 2. HP: 12/32 MP: 1/1
    61 | D        | Reached XP level 3. HP: 36/39 MP: 2/2
    70 | D        | Reached *** piety under Trog
    71 | D        | Reached skill level 5 in Unarmed Combat
   104 | D        | Gained mutation: You occasionally lose the ability to read
                  | scrolls when taking damage. [potion of mutation]
   104 | D        | Gained mutation: Your mind is acute. (Int +4, Str/Dex -1)
                  | [potion of mutation]
   105 | D        | Lost mutation: You occasionally lose the ability to read
                  | scrolls when taking damage. [potion of mutation]
   105 | D        | Lost mutation: Your mind is acute. (Int +4, Str/Dex -1)
                  | [potion of mutation]
   105 | D        | Gained mutation: Your spells are a little easier to cast,
                  | but a little less powerful. [potion of mutation]
   105 | D        | Lost mutation: Your spells are a little easier to cast, but
                  | a little less powerful. [potion of mutation]
   105 | D        | Gained mutation: You are vulnerable to cold. (rC-) [potion
                  | of mutation]
   105 | D        | Gained mutation: Your muscles are strong. (Str +4, Int/Dex
                  | -1) [potion of mutation]
   106 | D        | Lost mutation: Your muscles are strong. (Str +4, Int/Dex
                  | -1) [potion of mutation]
   106 | D        | Lost mutation: You are vulnerable to cold. (rC-) [potion of
                  | mutation]
   106 | D        | Gained mutation: Your flesh is cold resistant. (rC+)
                  | [potion of mutation]
   106 | D        | Gained mutation: You expend magic power (3 MP) to
                  | strengthen your wands. [potion of mutation]
   106 | D        | Gained mutation: Your flesh is very cold resistant. (rC++)
                  | [potion of mutation]
   107 | D        | Lost mutation: Your flesh is very cold resistant. (rC++)
                  | [potion of mutation]
   107 | D        | Lost mutation: You expend magic power (3 MP) to strengthen
                  | your wands. [potion of mutation]
   107 | D        | Gained mutation: You have a beak for a mouth. [potion of
                  | mutation]
   107 | D        | Gained mutation: You are weak. (Str -2) [potion of
                  | mutation]
   108 | D        | Lost mutation: You have a beak for a mouth. [potion of
                  | mutation]
   108 | D        | Lost mutation: You are weak. (Str -2) [potion of mutation]
   108 | D        | Gained mutation: You expend magic power (3 MP) to
                  | strengthen your wands. [potion of mutation]
   108 | D        | Gained mutation: Armour fits poorly on your strangely
                  | shaped body. [potion of mutation]
   108 | D        | Gained mutation: You are agile. (Dex +4, Str/Int -1)
                  | [potion of mutation]
   122 | D        | Noticed a water elemental
   125 | D        | Killed a water elemental
   126 | D        | Reached skill level 5 in Fighting
   126 | D        | Reached skill level 5 in Dodging
   126 | D        | Reached skill level 6 in Unarmed Combat
   126 | D        | Reached XP level 4. HP: 50/50 MP: 3/3
   181 | D        | Found a radiant altar of Vehumet.
   181 | D        | Found a shimmering blue altar of Sif Muna.
   181 | D        | Found an ancient bone altar of Kikubaaqudgha.
   181 | D        | Noticed a wizard
   183 | D        | Killed a wizard
   184 | D        | Reached XP level 5. HP: 51/57 MP: 4/4
   191 | D        | Reached **** piety under Trog
   206 | D        | Found a glowing silver altar of Zin.
   207 | D        | Found a glowing golden altar of the Shining One.
   207 | D        | Found a white marble altar of Elyvilon.
   207 | D        | Noticed a deep elf pyromancer
   214 | D        | Killed a deep elf pyromancer
   215 | D        | Reached skill level 9 in Unarmed Combat
   215 | D        | Reached XP level 6. HP: 72/72 MP: 5/5
   215 | D        | Reached XP level 7. HP: 80/80 MP: 6/6
   225 | D        | Found a hide-covered altar of Uskayaw.
   225 | D        | Found an iron altar of Okawaru.
   225 | D        | Found a bloodstained altar of Trog.
   225 | D        | Found an ornate altar of the Wu Jian Council.
   225 | D        | Noticed a human
   225 | D        | Noticed a human
   232 | D        | Killed a human
   233 | D        | Reached skill level 10 in Unarmed Combat
   239 | D        | Killed a human
   239 | D        | Reached ***** piety under Trog
   254 | D        | Found a basalt altar of Yredelemnul.
   254 | D        | Found a shadowy altar of Dithmenos.
   254 | D        | Found a sacrificial altar of Ru.
   258 | D        | Received a gift from Trog
   271 | D        | Noticed a shadow
   274 | D        | Killed a shadow
   275 | D        | Reached XP level 8. HP: 59/92 MP: 7/7
   320 | D        | Reached skill level 11 in Unarmed Combat
   392 | D        | Found a blossoming altar of Fedhas.
   392 | D        | Found a stormy altar of Qazlal.
   392 | D        | Found a snail-covered altar of Cheibriados.
   392 | D        | Found a burning altar of Makhleb.
   392 | D        | Found a shimmering altar of Xom.
   393 | D        | Found a hazy altar of Hepliaklqana.
   393 | D        | Found an opulent altar of Gozag.
   393 | D        | Found a sparkling altar of Nemelex Xobeh.
   393 | D        | Found a corrupted altar of Lugonu.
   393 | D        | Found a viscous altar of Jiyva.
   421 | D        | Noticed a two-headed ogre
   429 | D        | Killed a two-headed ogre
   429 | D        | Received a gift from Trog
   430 | D        | Reached skill level 10 in Fighting
   430 | D        | Reached skill level 10 in Dodging
   497 | D        | Noticed a two-headed ogre
   497 | D        | Noticed Erolcha
   507 | D        | Killed a two-headed ogre
   508 | D        | Reached skill level 12 in Unarmed Combat
   508 | D        | Reached XP level 9. HP: 102/102 MP: 8/8
   509 | D        | Killed Erolcha
   523 | D        | Reached skill level 13 in Unarmed Combat
   609 | D        | Noticed a wandering mushroom
   614 | D        | Noticed a wandering mushroom
   616 | D        | Noticed a wandering mushroom
   619 | D        | Killed a wandering mushroom
   619 | D        | Received a gift from Trog
   649 | D        | Noticed a cane toad
   649 | D        | Noticed a komodo dragon
   649 | D        | Noticed a cane toad
   655 | D        | Killed a cane toad
   660 | D        | Killed a cane toad
   661 | D        | Reached XP level 10. HP: 115/115 MP: 9/9
   665 | D        | Reached skill level 14 in Unarmed Combat
   808 | D        | Reached ****** piety under Trog
   828 | D        | Received a gift from Trog
   894 | D        | Noticed an elephant
   894 | D        | Noticed an elephant
   898 | D        | Noticed a dire elephant
   898 | D        | Noticed a dire elephant
   898 | D        | Noticed Gastronok
   899 | D        | Killed an elephant
   903 | D        | Killed a dire elephant
   904 | D        | Reached skill level 15 in Unarmed Combat
   909 | D        | Killed a dire elephant
   913 | D        | Killed Gastronok
   913 | D        | Received a gift from Trog
   914 | D        | Reached XP level 11. HP: 128/128 MP: 10/10
   919 | D        | Reached skill level 16 in Unarmed Combat
   928 | D        | Noticed an azure jelly
   928 | D        | Noticed an azure jelly
   928 | D        | Noticed an azure jelly
   929 | D        | Noticed an azure jelly
   932 | D        | Noticed Rupert
   936 | D        | Paralysed by Rupert for 2 turns
   956 | D        | HP: 6/192 [Rupert/+1 great mace of holy wrath (42)]
   957 | D        | Killed Rupert
  1063 | D        | Noticed a death yak
  1064 | D        | Noticed a death yak
  1064 | D        | Noticed a death yak
  1072 | D        | Killed a death yak
  1072 | D        | Noticed a death yak
  1074 | D        | Killed a death yak
  1140 | D        | Killed a death yak
  1144 | D        | Reached skill level 17 in Unarmed Combat
  1146 | D        | Killed a death yak
  1169 | D        | Reached skill level 15 in Fighting
  1211 | D        | Noticed an anaconda
  1213 | D        | Killed an anaconda
  1214 | D        | Noticed an anaconda
  1215 | D        | Noticed an anaconda
  1224 | D        | Slain by an anaconda

Illustrated notes

Levels and vault maps discovered:
D:        dungeon_sprint_mu [sprint_mu_entry_forest, sprint_mu_temple_rooms,
          sprint_mu_d1_spiders, sprint_mu_d2_genie, sprint_mu_d3_branching,
          sprint_mu_orc_legion, sprint_mu_elf_gauntlet, sprint_mu_hive_nellie,
          sprint_mu_lair_fedhas, sprint_mu_vaults_butterflies,
          sprint_mu_slime_circle, sprint_mu_swamp_cave, sprint_mu_snake_twists,
          sprint_mu_blade_basic, sprint_mu_crypt_chambers,
          sprint_mu_tomb_spiral, sprint_mu_vestibule_basic,
          sprint_mu_gehenna_hellfire, sprint_mu_dis_giant,
          sprint_mu_tartarus_statrot, sprint_mu_cocytus_islands, sprint_mu_zot1]

Skill      XL: |  1  2  3  4  5  6  7  8  9 10 11 |
---------------+----------------------------------+-----
Fighting       | 3 4 5 8 9 10 11 13 15 | 15.1
Dodging        | 3 4 5 8 9 10 11 13 14 | 14.9
Unarmed Combat | 4 6 9 10 12 13 15 17 | 17.5

Action                     |  1- 3 |  4- 6 |  7- 9 | 10-12 || total
---------------------------+-------+-------+-------+-------++-------
  Melee: Unarmed           |    27 |    13 |    81 |    75 ||   196
         Punch             |     1 |     1 |     4 |     9 ||    15
 Invoke: Berserk           |     1 |       |     1 |     2 ||     4
         Brothers in Arms  |       |       |       |     4 ||     4
    Use: Potion            |     5 |       |     1 |       ||     6
 Armour: Animal skin       |    13 |     5 |    32 |    45 ||    95
  Dodge: Dodged            |    10 |     2 |    50 |    37 ||    99

Table legend: (Time is in decaauts)
 A = Elapsed time spent in this place.
 B = Non-inter-level travel time spent in this place.
 C = Inter-level travel time spent in this place.
 D = Time resting spent in this place.
 E = Time spent auto-exploring this place.
 F = Levels seen in this place.
 G = Mean time per level.
                   A        B        C        D        E       F      G
               +--------+--------+--------+--------+--------+-----+--------+
         Total |   1218 |   1214 |      4 |    650 |    144 |   1 | 1218.0 |
       Dungeon |   1218 |   1214 |      4 |    650 |    144 |   1 | 1218.0 |
               +--------+--------+--------+--------+--------+-----+--------+

Top non-repeatable levels by time:
       D: 1218 daAuts
